 Dungeon Crawl Stone Soup version 0.29-b1-11-g2030932060 (webtiles) character file.

Game seed: 1182493345008853976

146 funkygono the Firebug (level 5, 0/28 HPs)
             Began as a Gargoyle Fire Elementalist on Aug 23, 2022.
             Slain by an orc
             ... wielding a +0 short sword
              (3 damage)
             ... on level 2 of the Dungeon.
             The game lasted 00:03:24 (3338 turns).

funkygono the Firebug (Gargoyle Fire Elementalist)  Turns: 3338, Time: 00:03:24

Health: 0/28       AC:  6    Str: 11    XL:     5   Next: 28%
Magic:  2/9        EV: 12    Int: 18    God:
Gold:   193        SH:  0    Dex: 10    Spells: 4/10 levels left

rFire   . . .      SeeInvis .   c - +0 mace
rCold   . . .      Faith    .   (no shield)
rNeg    + . .      Spirit   .   a - +0 robe
rPois   ∞          Reflect  .   (no helmet)
rElec   +          Harm     .   (no cloak)
rCorr   .          Rampage  .   (no gloves)
Will    .....                   (no boots)
Stlth   ++........              (no amulet)
HPRegen 0.09/turn               f - ring of flight
MPRegen 0.11/turn               (no ring)

@: flying
A: sickness immunity, AC +4, negative energy resistance 1, electricity
resistance, torment resistance 1, petrification resistance
a: no special abilities


You were on level 2 of the Dungeon.
You visited 1 branch of the dungeon, and saw 3 of its levels.

You collected 193 gold pieces.

Inventory:

Hand Weapons
 c - a +0 mace (weapon)
 p - a +0 whip
Armour
 a - a +0 robe (worn)
Jewellery
 f - a ring of flight (left hand)
Scrolls
 d - 2 scrolls of butterflies {unknown}
 j - 2 scrolls of identify {unknown}
 k - a scroll of blinking {unknown}
 o - a scroll of acquirement {unknown}
Potions
 b - 3 potions of magic
 e - 2 potions of curing {unknown}
 g - a potion of brilliance {unknown}
 h - 2 potions of flight {unknown}
 i - a potion of mutation {unknown}
 l - a potion of resistance {unknown}
 m - a potion of lignification {unknown}
 n - a potion of invisibility {unknown}


   Skills:
 + Level 0.3 Fighting
 + Level 0.4 Maces & Flails
 + Level 2.0 Dodging
 + Level 2.4 Stealth
 + Level 3.2 Spellcasting
 + Level 2.1 Conjurations
 + Level 4.0 Fire Magic


You had 4 spell levels left.
You knew the following spells:

 Your Spells              Type           Power      Damage    Failure   Level
a - Foxfire               Conj/Fire      56%        2x1d6     4%          1
b - Scorch                Fire           34%        2d6       4%          2
c - Conjure Flame         Conj/Fire      14%        6-21      13%         3

Your spell library contained the following spells:

 Spells                   Type           Power      Damage    Failure   Level
 Sting                    Tmut/Pois      8%         1d3       16%         1
 Inner Flame              Hex/Fire       10%        N/A       21%         3
 Poisonous Vapours        Pois/Air       4%         N/A       24%         2
 Flame Wave               Conj/Fire      14%        2d6       41%         4
 Summon Guardian Golem    Hex/Summ       2%         N/A       43%         3
 Olgreb's Toxic Radiance  Pois           2%         N/A       85%         4
 Summon Forest            Summ/Tloc      1%         N/A       99%         5
 Summon Mana Viper        Hex/Summ       2%         N/A       99%         5
 Summon Cactus Giant      Summ           1%         N/A       100%        6
 Orb of Destruction       Conj           5%         9d5       100%        7
 Spellforged Servitor     Conj/Summ      3%         N/A       100%        7


Dungeon Overview and Level Annotations

Branches:
Dungeon (3/15)

Altars:


Innate Abilities, Weirdness & Mutations

You are immune to sickness and miasma.
Your stone body is resilient. (AC +4)
You are immune to poison.
You resist negative energy. (rN+)
You are resistant to electric shocks. (rElec)
You are resistant to unholy torment.
You are immune to petrification.


Message History

The orc hits you with a +0 short sword.
You fly upwards.
There is a stone staircase leading down here.
Casting: Foxfire (safe; 4% risk of failure)
Confirm with . or Enter, or press ? or * to list all spells.
You conjure some foxfire!
The orc hits you with a +0 mace. The orc hits you but does no damage. x2
Casting: Foxfire (safe; 4% risk of failure)
Confirm with . or Enter, or press ? or * to list all spells.
Flames lash the orc.
You kill the orc!
The foxfire hits the orc but does no damage.
The orc is heavily wounded.
The foxfire hits the orc.
The orc is heavily wounded.
The orc hits you with a +0 mace. The orc hits you with a +0 short sword.
You hit the orc.
The orc is almost dead.
The orc barely misses you. The orc closely misses you.
You hit the orc but do no damage.
The orc is almost dead.
The orc hits you with a +0 mace!
* * * LOW HITPOINT WARNING * * *
The orc hits you but does no damage.
You closely miss the orc. The orc barely misses you.
The orc hits you but does no damage. x3
Casting: Scorch (safe; 4% risk of failure)
Confirm with . or Enter, or press ? or * to list all spells.
You conjure some foxfire!
The orc hits you with a +0 mace.
* * * LOW HITPOINT WARNING * * *
The orc barely misses you.
Unknown command.
The foxfire hits the orc.
You kill the orc!
The foxfire hits the orc.
The orc is lightly wounded.
Casting: Foxfire (safe; 4% risk of failure)
Confirm with . or Enter, or press ? or * to list all spells.
You conjure some foxfire!
The orc hits you with a +0 short sword.
You die...

#######..#####....##.#########
..................#......#
##########.###.#.........# #
#..##.#..#......# ###
#######.##.#.........#
..###<...##..#.#..########
####...........#..#
..............)..v#
####.###.####)>o@v# #....#.#.#
####### #.####.#.# #.# #.#.#
#.# #.#.# #.####.#.#
#...[..#.# ######.#.# #...#


You could see an orc (ally target).

Vanquished Creatures
  An orc priest (D:3)
  4 gnolls (D:3)
  An adder (D:2)
  2 worms
  A dart slug (D:3)
  6 orcs
  4 endoplasms
  2 giant cockroaches (D:2)
  4 goblins
  3 hobgoblins
  10 jackals
  2 quokkas (D:3)
  A ball python (D:2)
  3 bats
  A frilled lizard (D:2)
  4 kobolds
  4 rats
53 creatures vanquished.

Vanquished Creatures (others)
  146 foxfires
146 creatures vanquished.

Grand Total: 199 creatures vanquished

Notes
Turn   | Place    | Note
-------+----------+-------------------------------------------
     0 | D:1      | funkygono the Gargoyle Fire Elementalist began the quest
                  | for the Orb.
     0 | D:1      | Reached XP level 1. HP: 10/10 MP: 3/3
   362 | D:1      | Found a faded altar of an unknown god.
   544 | D:2      | Reached XP level 2. HP: 15/15 MP: 1/5
   547 | D:2      | Learned a level 2 spell: Scorch
   768 | D:2      | Reached XP level 3. HP: 19/19 MP: 1/6
   772 | D:2      | Learned a level 3 spell: Conjure Flame
  2455 | D:3      | Reached XP level 4. HP: 14/24 MP: 4/8
  2955 | D:3      | Reached skill level 4 in Fire Magic
  2955 | D:3      | Reached XP level 5. HP: 28/28 MP: 3/9
  3338 | D:2      | Slain by an orc

Illustrated notes

Levels and vault maps discovered:
D:1:      dpeg_arrival_windows_large_door, layout_basic,
          dreamdust_ecumenical_altar_angels_and_demons, kennysheep_doodads
D:2:      layout_basic
D:3:      layout_basic, makhleb_altar_promises_db

Skill      XL: |  1  2  3  4 |
---------------+-------------+-----
Dodging        | 2 |  2.0
Spellcasting   | 3 |  3.2
Conjurations   | 2 |  2.1
Fire Magic     | 4 |  4.0
Fighting       | |  0.3
Maces & Flails | |  0.4
Stealth        | |  2.4

Action                   |  1- 3 |  4- 6 || total
-------------------------+-------+-------++-------
Melee: Mace              |    27 |    12 ||    39
       Punch             |     1 |       ||     1
 Cast: Foxfire           |    55 |    32 ||    87
       Scorch            |     1 |     6 ||     7
Armor: Robe              |     8 |    13 ||    21
Dodge: Dodged            |    14 |    13 ||    27
